 Dungeon Crawl Stone Soup version 0.23.2-1-ga50397a (webtiles) character file.

Game seed: 1255970573378442324

6762 Fortress the Cleaver (level 10, -1/96 HPs)
             Began as a Deep Dwarf Berserker on May 31, 2019.
             Was an Elder of Trog.
             Succumbed to a killer bee's poison
             ... on level 9 of the Dungeon.
             The game lasted 01:10:35 (8269 turns).

Fortress the Cleaver (Deep Dwarf Berserker)         Turns: 8269, Time: 01:10:36

Health: -1/96      AC: 18    Str: 22    XL:     10   Next: 75%
Magic:  6/6        EV:  8    Int:  7    God:    Trog [****..]
Gold:   642        SH:  0    Dex: 15    Spells: 9/9 levels left

rFire    . . .     SeeInvis .   A - +0 war axe
rCold    . . .     Gourm    .   (no shield)
rNeg     . . .     Faith    .   k - +0 plate armour
rPois    .         Spirit   .   t - +0 helmet
rElec    .         Reflect  .   C - scarf {cloud immunity}
rCorr    .         Harm     .   (no gloves)
MR       +....                  D - +1 pair of boots
Stlth    ..........             (no amulet)
HPRegen  0.00/turn              (no ring)
MPRegen  0.10/turn              (no ring)

@: lethally poisoned (-1 -> -39), berserk cooldown, non-regenerating, slowed,
very slow
A: damage resistance, heal wounds, sense surroundings 2, no regeneration
a: Heal Wounds, Berserk, Trog's Hand, Brothers in Arms, Renounce Religion


You were on level 9 of the Dungeon.
You worshipped Trog.
Trog was greatly pleased with you.
You were not hungry.

You visited 2 branches of the dungeon, and saw 12 of its levels.
You also visited: Sewer.

You collected 642 gold pieces.

Inventory:

Hand Weapons
 d - the +4 long sword of Malaise {speed, +Blink Str+4}
   (You found it on level 9 of the Dungeon)

   Attacks with this weapon are significantly faster.
   It affects your strength (+4).
   It lets you blink.
 v - a +3 hunting sling of flaming
 y - a +2 short sword of protection
 A - a +0 war axe (weapon)
Missiles
 l - 246 stones (quivered)
 w - 87 sling bullets
Armour
 k - a +0 plate armour (worn)
 t - a +0 helmet (worn)
 C - a scarf of cloud immunity (worn)
 D - a +1 pair of boots (worn)
Jewellery
 i - a +3 ring of protection
 n - an uncursed ring of protection from magic {unknown}
 o - a +4 ring of dexterity {unknown}
 H - an uncursed ring of resist corrosion
 J - a cursed ring of teleportation {unknown}
 P - an uncursed amulet of regeneration {unknown}
Wands
 b - a wand of iceblast (10)
 q - a wand of digging (5)
 r - a wand of random effects (19)
 E - a wand of flame (9)
 M - a wand of acid (8)
Scrolls
 e - 7 scrolls of teleportation
 g - a scroll of fog
 j - 4 scrolls of blinking
 F - 2 scrolls of enchant armour
 I - a scroll of random uselessness {unknown}
 K - a scroll of holy word {unknown}
 N - a scroll of immolation {unknown}
 O - a scroll of remove curse
 Q - a scroll of magic mapping
 R - a scroll of silence {unknown}
Potions
 a - 2 potions of mutation
 f - 2 potions of haste
 h - a potion of magic {unknown}
 m - 2 potions of flight
 p - 2 potions of brilliance
 s - 4 potions of curing
 u - 2 potions of agility
 x - 2 potions of heal wounds
 z - a potion of might {unknown}
 B - a potion of lignification {unknown}
 G - a potion of berserk rage {unknown}
Comestibles
 c - 9 rations


   Skills:
 + Level 7.9 Fighting
 - Level 11.5 Axes
 + Level 9.9 Armour
 + Level 3.4 Dodging
 * Level 5.5 Evocations


You had 9 spell levels left.
You didn't know any spells.
Your spell library was empty.

Dungeon Overview and Level Annotations

Branches:
Dungeon (11/15)            Temple (1/1) D:7            Lair (0/6) D:9
    Orc: D:9-12

Altars:
Ashenzari
Cheibriados
Dithmenos
Elyvilon
Fedhas
Gozag
Hepliaklqana
Kikubaaqudgha
Makhleb
Nemelex Xobeh
Okawaru
Qazlal
Ru
Sif Muna
Trog
Uskayaw
Vehumet
Wu Jian
Xom
Yredelemnul
Zin
The Shining One

Annotations:
D:6 1 runed translucent door, quill's ghost, novice BaSk


Innate Abilities, Weirdness & Mutations

You are resistant to damage.
You can heal yourself by infusing magical energy.
You passively map the area around you.
You do not regenerate.


Message History

You feel very sick.
The killer bee stings you but does no damage. x3
The hound bites you but does no damage. The killer bee stings you.
* * * LOW HITPOINT WARNING * * *
You are lethally poisoned!
The killer bee poisons you! The killer bee stings you.
* * * LOW HITPOINT WARNING * * *
You are more poisoned.
The killer bee poisons you!
The killer bee stings you but does no damage. x2
The hound bites you but does no damage. The killer bee stings you.
* * * LOW HITPOINT WARNING * * *
You are more poisoned.
The killer bee poisons you! The two-headed ogre barely misses you.
The two-headed ogre hits you but does no damage.
The killer bee barely misses you.
You closely miss the killer bee. You hit the killer bee.
You hit the two-headed ogre. You hit the hound.
Your plate armour prevents you from hitting the killer bee.
You die...

* * , , *, , * . *#. *
.......###..# #., .... ,
........>...##.. ,*....#
* ,, ..............# .,
....# *
#.............#.........
* *...................#.
.. ,
...(...O..........., #.
#.....hOy..###....., ,..
* ,*
#.....y@y...#....#**, ..
* , , #....####.......#
, .. , ... * #......##.
,,, .. * , ...
##.##..#.#, , .. *, ,
#.###.####...# . .. **
,* #....####..#.....* .
, , ** #..>............
#.. #,.. *
#.##..###........... .#.
, * *#..
##..#............


You could see a two-headed ogre, an ogre, a hound and 3 killer bees.

Vanquished Creatures
  2 two-headed ogres
  Psyche (D:8)
  A hornet (D:9)
  6 yaks (D:10)
  Menkaure (D:4)
  A soldier ant (D:10)
  A water moccasin (D:8)
  2 orc warriors
  2 sky beasts
  A phantom (D:10)
  4 ogres
  4 centaurs
  A crocodile (Sewer)
  2 big kobolds
  8 bullfrogs
  Blork the orc (D:4)
  A gnoll sergeant (D:10)
  A wyvern zombie (D:8)
  2 scorpions
  2 killer bees (D:9)
  A wight (D:10)
  3 howler monkeys
  A bullfrog zombie (D:8)
  7 crimson imps
  A quasit (D:10)
  A centaur zombie (D:4)
  A hound (D:7)
  2 jellies
  4 orc priests
  2 centaur skeletons
  Terence (D:2)
  7 orc wizards
  2 iguanas
  8 worker ants
  A hound zombie (D:4)
  2 hound skeletons
  Robin (D:3)
  7 gnolls
  A howler monkey skeleton (D:7)
  10 adders
  2 shadow imps
  3 oozes
  An adder zombie (D:4)
  3 adder skeletons
  7 worms
  3 dart slugs
  6 leopard geckos
  19 orcs
  A ball python (D:5)
  8 bats
  4 giant cockroaches
  8 hobgoblins
  17 jackals
  20 kobolds
  2 quokkas (D:3)
  A ball python skeleton (D:4)
  3 frilled lizards
  3 giant cockroach zombies
  14 goblins
  A jackal skeleton (D:4)
  A jackal zombie (D:4)
  A quokka skeleton (D:4)
  2 quokka zombies
  7 rats
244 creatures vanquished.

Notes
Turn   | Place    | Note
-------+----------+-------------------------------------------
     0 | D:1      | Fortress the Deep Dwarf Berserker began the quest for the
                  | Orb.
     0 | D:1      | Reached XP level 1. HP: 20/20 MP: 1/1
   250 | D:2      | Reached XP level 2. HP: 16/28 MP: 2/2
   356 | D:1      | Reached XP level 3. HP: 28/34 MP: 2/2
   725 | D:1      | Reached skill level 4 in Axes
   929 | D:3      | Reached ** piety under Trog
  1055 | D:2      | Reached XP level 4. HP: 28/42 MP: 3/3
  1748 | D:2      | Noticed Terence
  1764 | D:2      | Killed Terence
  1995 | D:4      | Reached XP level 5. HP: 40/49 MP: 4/4
  2034 | D:3      | Found a faded altar of an unknown god.
  2181 | D:4      | Noticed Robin
  2187 | D:3      | Killed Robin
  2187 | D:3      | Reached skill level 5 in Axes
  2242 | D:4      | Reached *** piety under Trog
  2603 | D:4      | Noticed Blork the orc
  2620 | D:4      | Killed Blork the orc
  2620 | D:4      | Reached XP level 6. HP: 52/57 MP: 5/5
  2635 | D:5      | Entered Level 5 of the Dungeon
  2682 | D:4      | Noticed Menkaure
  2696 | D:4      | Killed Menkaure
  2696 | D:4      | Reached skill level 6 in Axes
  2708 | D:4      | Reached XP level 7. HP: 64/64 MP: 6/6
  2998 | D:4      | Reached skill level 7 in Axes
  3382 | D:6      | Found a runed translucent door.
  3382 | D:6      | Found a shimmering altar of Xom.
  3382 | D:6      | Noticed quill's ghost (novice BaSk)
  3386 | D:6      | Noticed a +1 hand axe of chaos
  3416 | D:6      | Reached skill level 5 in Armour
  3542 | D:6      | Reached XP level 8. HP: 31/73 MP: 6/6
  3643 | D:6      | Reached skill level 8 in Axes
  3882 | D:6      | Found a glowing drain.
  3903 | Sewer    | Entered a sewer
  4000 | Sewer    | Reached skill level 5 in Fighting
  4874 | D:5      | Reached skill level 9 in Axes
  5369 | D:6      | Found a stormy altar of Qazlal.
  5372 | D:6      | Found a hazy altar of Hepliaklqana.
  5375 | D:6      | Found a bloodstained altar of Trog.
  5392 | D:6      | Found a radiant altar of Vehumet.
  5701 | D:7      | Reached **** piety under Trog
  5708 | D:7      | Gained mutation: You passively map the area around you.
                  | [Deep Dwarf growth]
  5708 | D:7      | Reached XP level 9. HP: 82/82 MP: 5/5
  5755 | D:7      | Found a staircase to the Ecumenical Temple.
  5782 | Temple   | Entered the Ecumenical Temple
  6216 | D:7      | Reached skill level 10 in Axes
  6548 | D:8      | Found a stormy altar of Qazlal.
  6838 | D:9      | Noticed a troll
  6840 | D:9      | Noticed a two-headed ogre
  7009 | D:8      | Reached skill level 11 in Axes
  7257 | D:8      | Noticed Psyche
  7261 | D:8      | Killed Psyche
  7469 | D:10     | Entered Level 10 of the Dungeon
  7500 | D:9      | Reached skill level 1 in Evocations
  7503 | D:9      | Found a staircase to the Lair.
  7531 | D:9      | Got a shimmering long sword
  7532 | D:9      | Identified the +4 long sword of Malaise {speed, +Blink
                  | Str+4} (You found it on level 9 of the Dungeon)
  7669 | D:9      | Killed a two-headed ogre
  7669 | D:9      | Reached XP level 10. HP: 46/92 MP: 5/7
  8092 | D:10     | Reached skill level 5 in Evocations
  8118 | D:10     | Noticed a two-headed ogre
  8127 | D:10     | Killed a two-headed ogre
  8249 | D:9      | Noticed a two-headed ogre
  8265 | D:9      | HP: 3/96 [killer bee (4)]
  8265 | D:9      | HP: 1/96 [killer bee (1)]
  8269 | D:9      | Succumbed to a killer bee's poison

Skill      XL: |  1  2  3  4  5  6  7  8  9 10 |
---------------+-------------------------------+-----
Fighting       | 3 4 5 6 7 |  7.9
Axes           | 4 5 6 7 9 11 | 11.5
Armour         | 3 4 5 7 8 9 |  9.9
Dodging        | 3 |  3.4
Evocations     | 3 5 |  5.5

Action                   |  1- 3 |  4- 6 |  7- 9 | 10-12 || total
-------------------------+-------+-------+-------+-------++-------
Melee: Hand axe          |   144 |   211 |   195 |       ||   550
       War axe           |       |       |   305 |   123 ||   428
Invok: Trog's Hand       |       |     3 |     8 |     1 ||    12
       Berserk           |       |     3 |     5 |     3 ||    11
 Abil: Heal Wounds       |     1 |     1 |    10 |     8 ||    20
  Use: Scroll            |       |       |    20 |       ||    20
       Potion            |       |       |     1 |     1 ||     2
  Eat: Chunk             |       |     9 |    11 |     1 ||    21
       Ration            |       |       |     4 |     2 ||     6
Armor: Leather armour    |    11 |       |       |       ||    11
       Plate armour      |    85 |   192 |   336 |   152 ||   765
Dodge: Dodged            |    78 |    99 |   191 |   108 ||   476
